AoeStats
← BarroZo

Arena

513265515Analyzed
4v4 RM · 6d ago on Oct 12, 2026· 39m 25s· 8 players
Game mode
Random Map
Map size
Large (8 player)
Population
200
Speed
Normal
Resources
Standard
Victory
Conquest
Starting age
Dark Age
Ending age
Imperial Age
RankedLock teamsTeams togetherTeam positionsShared explorationLock speedFull tech treeHidden civsTurbo modeCheats
Victory
Defeat
🇬🇧 Burmese · United Kingdom
933
+16
🇲🇽 Malay · Mexico
918
+17
🇪🇸 Franks · Spain
895
+18
🇲🇽 Turks · Mexico
895
+18
vs
🇬🇧 Armenians · United Kingdom
963
-18
🇬🇧 Bohemians · United Kingdom
956
-18
🇵🇹 Spanish · Portugal
952
-18
🇹🇷 Koreans · Türkiye
884
-42
edgardo_169
12:20 Feudal Age
12:26 Feudal Age
13:24 Double-Bit Axe
17:25 Castle Age
15:31 Gold Mining
15:31 Horse Collar
22:27 Imperial Age
21:39 Bow Saw
21:49 Heavy Plow
22:24 Fletching
24:10 Wheelbarrow
27:05 Bodkin Arrow
27:14 Padded Archer Armor
29:31 Leather Archer Armor
29:05 Loom
31:22 Bracer
37:32 Hand Cart
38:42 Stone Mining
LiMe86
10:56 Loom
13:30 Feudal Age
13:56 Horse Collar
20:30 Castle Age
18:29 Gold Mining
20:03 Bloodlines
20:08 Forging
20:04 Scale Barding Armor
21:24 Heavy Plow
22:31 Iron Casting
22:17 Chain Barding Armor
23:14 Wheelbarrow
22:44 Husbandry
24:00 Scale Mail Armor
25:19 Hand Cart
30:02 Imperial Age
31:29 Crop Rotation
31:42 Town Watch
33:09 Chemistry
34:13 Elite Battle Elephant
40:22 Blast Furnace
39:57 Plate Barding Armor
Guty
0:27 Loom
10:10 Feudal Age
16:31 Castle Age
15:28 Double-Bit Axe
16:21 Stone Mining
18:12 Wheelbarrow
18:57 Gold Mining
20:30 Bow Saw
23:08 Husbandry
32:04 Imperial Age
30:22 Scale Barding Armor
31:11 Gold Shaft Mining
31:33 Hand Cart
32:31 Chain Barding Armor
32:22 Forging
33:14 Conscription
32:17 Cavalier
33:23 Fletching
33:29 Town Watch
33:43 Pikeman
34:23 Squires
34:08 Arson
34:09 Gambesons
35:08 Iron Casting
37:41 Plate Barding Armor
38:30 Hoardings
39:23 Chemistry
38:44 Ballistics
38:31 Siege Engineers
38:37 Masonry
39:30 Blast Furnace
38:31 Scale Mail Armor
38:27 Bodkin Arrow
38:33 Padded Archer Armor
38:40 Town Patrol
39:06 Paladin
Alban
3:24 Loom
13:25 Feudal Age
13:09 Double-Bit Axe
15:12 Horse Collar
16:16 Stone Mining
19:19 Castle Age
29:57 Imperial Age
30:07 Bow Saw
31:42 Wheelbarrow
31:35 Gold Mining
33:18 Forging
33:09 Padded Archer Armor
32:57 Arson
33:12 Squires
32:33 Man-at-Arms
33:42 Hand Cart
33:13 Town Watch
35:38 Iron Casting
35:19 Leather Archer Armor
34:43 Long Swordsman
35:40 Two-Handed Swordsman
36:40 Forced Levy
37:01 Conscription
38:27 Blast Furnace
38:41 Heavy Plow
39:29 Town Patrol
40:00 Ring Archer Armor
38:56 Pikeman
gazza17
10:57 Feudal Age
11:34 Loom
12:46 Loom
16:52 Castle Age
14:45 Double-Bit Axe
15:09 Horse Collar
15:26 Man-at-Arms
16:57 Forging
23:16 Heavy Plow
24:56 Arson
24:31 Long Swordsman
26:22 Wheelbarrow
25:35 Town Watch
26:46 Iron Casting
28:44 Pikeman
29:27 Scale Mail Armor
29:45 Gold Mining
30:05 Bow Saw
33:30 Hand Cart
37:37 Imperial Age
39:39 Fletching
39:50 Padded Archer Armor
Big Dawg
11:25 Feudal Age
15:37 Castle Age
13:25 Loom
14:13 Double-Bit Axe
14:14 Horse Collar
21:59 Wheelbarrow
21:51 Bow Saw
26:32 Chemistry
24:56 Elite Skirmisher
27:03 Fletching
30:09 Hand Cart
34:54 Imperial Age
BarroZo
14:44 Feudal Age
13:32 Loom
19:16 Castle Age
17:08 Horse Collar
17:17 Double-Bit Axe
20:12 Padded Archer Armor
20:26 Bloodlines
20:41 Bow Saw
26:00 Husbandry
26:18 Leather Archer Armor
30:17 Wheelbarrow
35:01 Hand Cart
34:32 Town Watch
38:50 Imperial Age
36:21 Gold Mining
pelorus jack
14:32 Feudal Age
15:06 Double-Bit Axe
18:11 Gold Mining
18:05 Horse Collar
21:08 Castle Age
19:22 Scale Mail Armor
20:46 Fletching
21:28 Crossbowman
22:24 Pikeman
28:46 Scale Barding Armor
30:55 Bodkin Arrow
33:40 Imperial Age
32:56 Murder Holes
33:53 Masonry
35:39 Chemistry
36:26 Architecture
Connection lost

Rejoining the realm…

Still unreachable

The connection could not be restored.

Session expired

The server has moved on; the page needs a fresh start.